 Dungeon Crawl Stone Soup version 0.31-a0-232-gb1c03b2570 (webtiles) character file.

Game seed: 18425397192883692803

310 qw the Shooter (level 6, -2/37 HPs)
             Began as a Gargoyle Hexslinger on July 6, 2023.
             Slain by an iguana (6 damage)
             ... on level 4 of the Dungeon.
             The game lasted 00:01:04 (2241 turns).

qw the Shooter (Gargoyle Hexslinger)                Turns: 2241, Time: 00:01:05

Health: -2/37      AC:  7    Str: 11    XL:     6   Next: 41%
Magic:  7/7        EV: 11    Int: 14    God:
Gold:   257        SH:  0    Dex: 14    Spells: 6/7 levels left

rFire   . . .        Y - +2 sling
rCold   . . .        (no shield)
rNeg    + . .        d - +0 leather armour
rPois   inf          (no helmet)
rElec   +            (no cloak)
rCorr   .            (no gloves)
SInv    .            (no boots)
Will    +....        (no amulet)
Stlth   +            a - ring of willpower
HPRegen 0.26/turn    (no ring)
MPRegen 0.10/turn

%: no passive effects
@: no status effects
A: sickness immunity, AC +4, negative energy resistance 1, electricity
resistance, torment resistance 1, petrification resistance
a: no special abilities


You were on level 4 of the Dungeon.
You visited 1 branch of the dungeon, and saw 4 of its levels.

You collected 257 gold pieces.


Innate Abilities, Weirdness & Mutations

You are immune to sickness and miasma.
Your stone body is resilient. (AC +4)
You are immune to poison.
You resist negative energy. (rN+)
You are resistant to electric shocks. (rElec)
You are resistant to unholy torment.
You are immune to petrification.


   Skills:
 - Level 3.3 Fighting
 + Level 5.8 Ranged Weapons
 - Level 1.5 Dodging
 - Level 1.0 Spellcasting
 - Level 2.6 Hexes


You had 6 spell levels left.
You knew the following spells:

 Your Spells              Type           Power      Damage    Failure   Level
a - Slow                  Hex            32%        N/A       12%         1

Your spell library contained the following spells:

 Spells                   Type           Power      Damage    Failure   Level
 Inner Flame              Hex/Fire       4%         N/A       52%         3
 Portal Projectile        Hex/Tloc       8%         N/A       52%         3
 Cause Fear               Hex            4%         N/A       75%         4

Inventory:

Hand Weapons
 Y - a +2 sling (weapon)
Armour
 d - a +0 leather armour (worn)
Jewellery
 a - a ring of willpower (left hand)
Scrolls
 b - 2 scrolls of identify
Potions
 e - a potion of degeneration {unknown}
 f - 3 potions of heal wounds {unknown}
 g - a potion of curing {unknown}
 h - a potion of enlightenment {unknown}

Dungeon Overview and Level Annotations

Branches:
Dungeon (4/15)
 Temple: D:4-7

Altars:
Nemelex Xobeh
The Shining One

Annotations:
D:4 2 runed translucent doors


Message History

The sling bullet hits the orc but does no damage.
The orc is almost dead.
The orc hits you but does no damage. The iguana barely misses you.
You shoot a sling bullet.
The sling bullet hits the orc but does no damage.
The orc is almost dead.
The orc hits you with a +0 club. The iguana bites you.
You shoot a sling bullet. The sling bullet hits the orc.
You kill the orc!
The iguana barely misses you.
You shoot a sling bullet.
The sling bullet closely misses the iguana.
The iguana closely misses you.
You shoot a sling bullet. The sling bullet hits the iguana.
The iguana is moderately wounded.
The iguana barely misses you. x2
You shoot a sling bullet.
The sling bullet closely misses the iguana.
The iguana barely misses you.
You shoot a sling bullet. The sling bullet hits the iguana.
The iguana is heavily wounded.
The iguana barely misses you.
You shoot a sling bullet.
The sling bullet closely misses the iguana.
The iguana hisses menacingly.
The iguana closely misses you.
You shoot a sling bullet.
The sling bullet barely misses the iguana.
The iguana bites you.
You shoot a sling bullet. The sling bullet hits the iguana.
The iguana is heavily wounded.
The iguana closely misses you.
You shoot a sling bullet. The sling bullet hits the iguana.
The iguana is severely wounded.
The iguana bites you but does no damage.
You shoot a sling bullet.
The sling bullet hits the iguana but does no damage.
The iguana is severely wounded.
The iguana bites you. x2
You die...

### $ ..# .. #.# .# #.##
#.# .# #...##.# .# #####
.$..#.##.########...#
####.................#
#.....@#..###........#
#.#.#l).......[......#
#...%....###....###..#
..#.#>..#...#..#...#.##
.)#...(#.}.#..#.}.#.).
..#.#.#.#...#~~#...#.#.
#)##.#.#.~###~~~~###~...
.. . #.#.. ~~~~~~~~..##
. ..... ~~~~~~~~~..##


You could see an iguana.

Vanquished Creatures
  A sky beast (D:4)
  Blork the orc (D:4)
  An orc priest (D:4)
  4 adders
  A worm (D:2)
  4 dart slugs
  4 orcs
  5 ball pythons
  6 bats
  3 endoplasms
  3 giant cockroaches
  5 goblins
  5 hobgoblins
  6 kobolds
  5 quokkas
  12 frilled lizards
  13 rats
79 creatures vanquished.

Notes
Turn   | Place    | Note
-------+----------+-------------------------------------------
     0 | D:1      | qw the Gargoyle Hexslinger began the quest for the Orb.
     0 | D:1      | Reached XP level 1. HP: 12/12 MP: 2/2
     0 | D:1      | 0 ||| qw: Version: 0.3-a-46-gb1f654a
     0 | D:1      | 0 ||| qw: Game counter: 2052
     0 | D:1      | 0 ||| qw: Melee chars always use a shield: true
     0 | D:1      | 0 ||| qw: God list: Okawaru
     0 | D:1      | 0 ||| qw: Allow faded altars: false
     0 | D:1      | 0 ||| qw: Do Orc after clearing Dungeon:15 true
     0 | D:1      | 0 ||| qw: Do second Lair branch before Depths: true
     0 | D:1      | 0 ||| qw: Lair rune preference: random
     0 | D:1      | 0 ||| qw: Goals: Normal
     0 | D:1      | 0 ||| PLANNING D:1-11
   100 | D:1      | Reached XP level 2. HP: 16/16 MP: 3/3
   115 | D:1      | Reached skill level 3 in Ranged Weapons
   375 | D:1      | Reached XP level 3. HP: 21/21 MP: 4/4
   571 | D:1      | 571 ||| DROPPING ring of wizardry.
   572 | D:1      | 572 ||| READING scroll labelled KEQOIRPHUI.
   576 | D:1      | 576 ||| READING scroll labelled JIOTUM JOMUTZ.
   577 | D:1      | 577 ||| READING scroll labelled MESIUPU XIMP.
   578 | D:1      | 578 ||| DROPPING scroll of poison.
   788 | D:2      | Reached XP level 4. HP: 26/26 MP: 5/5
   868 | D:2      | Found a glowing golden altar of the Shining One.
  1006 | D:2      | Reached skill level 4 in Ranged Weapons
  1440 | D:2      | 1440 ||| UPGRADING to +0 leather armour.
  1450 | D:2      | 1450 ||| DROPPING +0 robe.
  1451 | D:2      | 1451 ||| READING scroll labelled MURAP ZOIN.
  1452 | D:2      | 1452 ||| READING scroll labelled GIN NAIGIEBRU.
  1841 | D:3      | Found a sparkling altar of Nemelex Xobeh.
  1904 | D:3      | 1904 ||| UPGRADING to ring of willpower.
  1905 | D:3      | 1905 ||| READING scroll labelled XAAHEBAMPE.
  1906 | D:3      | 1906 ||| READING scroll labelled CIXO HICEU.
  1987 | D:4      | Noticed a sky beast
  1996 | D:4      | Killed a sky beast
  1997 | D:4      | Reached skill level 5 in Ranged Weapons
  1997 | D:4      | Reached XP level 5. HP: 30/30 MP: 6/6
  2011 | D:4      | Found a large runed translucent door.
  2012 | D:4      | Found a large runed translucent door.
  2079 | D:4      | Noticed Blork the orc
  2090 | D:4      | Killed Blork the orc
  2091 | D:4      | Reached skill level 3 in Fighting
  2091 | D:4      | Reached XP level 6. HP: 13/37 MP: 7/7
  2231 | D:4      | HP: 6/37 [iguana (6)]
  2238 | D:4      | HP: 4/37 [iguana (4)]
  2241 | D:4      | Slain by an iguana

Levels and vault maps discovered:
D:1:      minmay_arrival_shoal_huts, layout_loops_ring, minmay_lizard_pond
D:2:      kb_forest_paths, layout_basic, basic_altar, minmay_statues_item,
          dreamdust_princess_bridge, amcnicky_mini_corridor_feature,
          chequers_serial_rivers_micro_a
D:3:      layout_basic, mainiacjoe_overflow_small_starburst
D:4:      layout_loops_ring, jmf_multi_god_temple2, fountainhead,
          uniq_blork_the_orc

Skill      XL: |  1  2  3  4  5 |
---------------+----------------+-----
Ranged Weapons | 3 5 |  5.8
Fighting       | 2 3 |  3.3
Dodging        | |  1.5
Spellcasting   | |  1.0
Hexes          | |  2.6

Action                     |  1- 3 |  4- 6 || total
---------------------------+-------+-------++-------
   Fire: Sling             |   111 |   167 ||   278
    Use: Scroll            |     3 |     4 ||     7
 Armour: Robe              |    16 |     1 ||    17
         Leather armour    |       |    32 ||    32
  Dodge: Dodged            |    40 |    56 ||    96

Table legend:
 A = Non-vault XP
 B = Vault XP
 C = Vault XP percentage of total XP
 D = Non-vault monster count
 E = Vault monster count
 F = Vault count percentage of total count
                 A         B        C        D         E       F
            +---------+---------+-------+---------+---------+-------
      Total |     335 |     108 |  24.4 |      63 |      16 |  20.3
            +---------+---------+-------+---------+---------+-------
        D:1 |      32 |       9 |  22.0 |      20 |       9 |  31.0
        D:2 |      48 |      12 |  20.0 |      15 |       6 |  28.6
        D:3 |      32 |       0 |   0.0 |      12 |       0 |   0.0
        D:4 |     223 |      87 |  28.1 |      16 |       1 |   5.9
            +---------+---------+-------+---------+---------+-------
